 Dungeon Crawl Stone Soup version 0.29-a0-542-g075992c915 (webtiles) character file.

Game seed: 10558055263031414425

26 spiderkeys the Ducker (level 2, -1/18 HPs)
             Began as a Deep Elf Abyssal Knight on June 5, 2022.
             Was a Believer of Lugonu.
             Slain by a jackal (3 damage)
             ... on level 1 of the Dungeon.
             The game lasted 00:01:05 (1054 turns).

spiderkeys the Ducker (Deep Elf Abyssal Knight)     Turns: 1054, Time: 00:01:06

Health: -1/18      AC:  5    Str: 10    XL:     2   Next: 89%
Magic:  5/5        EV: 11    Int: 14    God:    Lugonu [**....]
Gold:   105        SH:  0    Dex: 15    Spells: 1/1 levels left

rFire   . . .      SeeInvis .   a - +1 falchion
rCold   . . .      Faith    .   (no shield)
rNeg    . . .      Spirit   .   m - +0 ring mail
rPois   .          Reflect  .   (no helmet)
rElec   .          Harm     .   (no cloak)
rCorr   .          Rampage  .   (no gloves)
Will    .....                   (no boots)
Stlth   +.........              (no amulet)
HPRegen 0.06/turn               (no ring)
MPRegen 0.09/turn               (no ring)

@: no status effects
A: no striking features
a: Renounce Religion, Depart the Abyss, Bend Space


You were on level 1 of the Dungeon.
You worshipped Lugonu.
Lugonu was pleased with you.
You visited 1 branch of the dungeon, and saw 1 of its levels.
You visited the Abyss 1 time.

You collected 105 gold pieces.


   Skills:
 + Level 2.6 Fighting
 + Level 2.1 Long Blades
 - Level 1.0 Armour
 + Level 3.0 Dodging
 + Level 2.4 Invocations


You had one spell level left.
You didn't know any spells.
Your spell library was empty.

Inventory:

Hand Weapons
 a - a +1 falchion (weapon)
Missiles
 c - 79 stones
Armour
 b - a +0 leather armour
 e - a +0 scale mail
   (You found it on level 1 of the Dungeon)
 h - a +0 robe
   (You found it on level 1 of the Dungeon)
 m - a +0 ring mail (worn)
   (You found it on level 1 of the Dungeon)
Scrolls
 d - a scroll of enchant armour {unknown}
 i - a scroll of vulnerability {unknown}
 j - a scroll of immolation {unknown}
 l - 3 scrolls of teleportation {unknown}
 n - a scroll of fear {unknown}
 o - a scroll of amnesia {unknown}
Potions
 f - a potion of attraction {unknown}
 g - a potion of ambrosia {unknown}
 k - a potion of curing {unknown}

Dungeon Overview and Level Annotations

Branches:
Dungeon (1/15)

Altars:

#....#......##.#.....# #.###.#
#....+...............#####'#....
#....####.#####......##......#..
#....# #.# #......##......#รท)
###### ##'#####......##........)
##......#.................
.............'.#..........#####
.............#h#....>.....#
.............#@##........## ###
.............#.##........# ##..
.............#.##........###...
#######......#.##........##....
#......#.###......###...#
#......#.# #......###..## .. #.#
#.......##..## ... #.#
##......###..# ...#####.#
#.......##...


You could see a jackal.


Message History

You hit the rat.
You kill the rat!
Lugonu accepts your kill.
No target in view!
No target in view!
No target in view!
You now have 78 gold pieces (gained 9).
c - 79 stones (gained 27)
You now have 95 gold pieces (gained 17).
You now have 105 gold pieces (gained 10).
Key pressed, stopping explore.
Key pressed, stopping explore.
There is an open door here.
You open the door.
There is an open door here.
A jackal comes into view.
The jackal barks! ๐Ÿ˜Ž HP[+1]
Your hp is fully restored (18).
A jackal is nearby!
A jackal comes into view.
The jackal barks!
You hear a bark!
The jackal moves out of view.
A jackal comes into view.
The jackal barks!
You hear a bark!
You barely miss the jackal.
A jackal comes into view.
The jackal barely misses you. The jackal bites you. ๐Ÿ˜• HP[-1]
You take 1 damage, and now have 17/18 hp.
You hit the jackal.
You kill the jackal!
Lugonu accepts your kill. The jackal barely misses you.
You hit the jackal. The jackal barely misses you.
The jackal bites you but does no damage. x2
You closely miss the jackal.
The jackal bites you but does no damage.
The jackal bites you. The jackal closely misses you. The jackal bites you.
The jackal closely misses you. ๐Ÿ˜ฎ HP[-4]
You take 4 damage, and now have 13/18 hp.
MASSIVE DAMAGE!! (PAUSE)
The jackal misses you. The jackal attacks as you move away!
The jackal bites you but does no damage.
The jackal barely misses you.
The jackal bites you but does no damage. x2
The jackal attacks as you move away! The jackal barely misses you.
The jackal barely misses you.
You hit the jackal.
The jackal bites you but does no damage. x2 ๐Ÿ˜• HP[+1]
You hit the jackal.
You kill the jackal!
Lugonu accepts your kill.
You hit the jackal but do no damage. The jackal barely misses you. x2
You closely miss the jackal. The jackal barely misses you.
The jackal bites you. ๐Ÿ˜ฎ HP[-2]
You take 2 damage, and now have 12/18 hp.
You hit the jackal but do no damage. The jackal bites you. ๐Ÿ˜ฎ HP[-1]
You take 1 damage, and now have 11/18 hp.
You closely miss the jackal.
The jackal bites you but does no damage.
The jackal closely misses you.
You closely miss the jackal. The jackal misses you.
The jackal bites you but does no damage.
You barely miss the jackal. The jackal bites you.
* * * LOW HITPOINT WARNING * * *
๐Ÿ˜จ HP[-3]
You take 3 damage, and now have 8/18 hp.
You closely miss the jackal.
The jackal bites you but does no damage. x2
You closely miss the jackal.
The jackal bites you but does no damage. x2
You hit the jackal.
The jackal bites you but does no damage.
The jackal misses you.
You hit the jackal.
You kill the jackal!
Lugonu accepts your kill.
The jackal stops to sniff the ground.
The jackal bites you.
* * * LOW HITPOINT WARNING * * *
Your Dodging skill increases to level 3! ๐Ÿ˜จ HP[-3]
You take 3 damage, and now have 5/18 hp.
You hit the jackal. The jackal bites you.
* * * LOW HITPOINT WARNING * * *
๐Ÿ˜ฑ HP[-2]
You take 2 damage, and now have 3/18 hp.
You barely miss the jackal.
The jackal bites you but does no damage. x2 ๐Ÿ˜ฑ HP[+1]
You hit the jackal. The jackal bites you.
* * * LOW HITPOINT WARNING * * *
The jackal bites you.
You die...

Skill      XL: |  1  2 |
---------------+-------+-----
Armour         | 1 |  1.0
Long Blades    | 2 |  2.1
Dodging        | 3 |  3.0
Fighting       | |  2.6
Invocations    | |  2.4

Action                   || total
-------------------------++-------
Melee: Falchion          ||    68
Armor: Leather armour    ||     7
       Ring mail         ||    17
Dodge: Dodged            ||    44

Levels and vault maps discovered:
D:1:      dpeg_arrival_snail, layout_basic

Notes
Turn   | Place    | Note
-------+----------+-------------------------------------------
     0 | Abyss:1  | spiderkeys the Deep Elf Abyssal Knight began the quest for
                  | the Orb.
     0 | Abyss:1  | Reached XP level 1. HP: 13/13 MP: 4/4
     0 | Abyss:1  | magus.rc [v1.11.3]
    24 | D:1      | You pass through the gate.
    24 | D:1      | Escaped the Abyss
   111 | D:1      | HP: 3/13 [kobold/+0 dagger (2)]
   115 | D:1      | HP: 1/13 [kobold/+0 dagger (1)]
   452 | D:1      | Reached skill level 1 in Armour
   507 | D:1      | Reached skill level 2 in Long Blades
   507 | D:1      | Reached XP level 2. HP: 18/18 MP: 5/5
  1052 | D:1      | Reached skill level 3 in Dodging
  1052 | D:1      | HP: 3/18 [jackal (2)]
  1054 | D:1      | Slain by a jackal

Vanquished Creatures
  A dart slug (D:1)
  3 endoplasms (D:1)
  4 goblins (D:1)
  A hobgoblin (D:1)
  3 jackals (D:1)
  2 kobolds (D:1)
  A quokka (D:1)
  4 frilled lizards (D:1)
  5 rats (D:1)
24 creatures vanquished.

Table legend:
 A = Non-vault XP
 B = Vault XP
 C = Vault XP percentage of total XP
 D = Non-vault monster count
 E = Vault monster count
 F = Vault count percentage of total count
                 A         B        C        D         E       F
            +---------+---------+-------+---------+---------+-------
      Total |      38 |       0 |   0.0 |      24 |       0 |   0.0
            +---------+---------+-------+---------+---------+-------
        D:1 |      38 |       0 |   0.0 |      24 |       0 |   0.0
            +---------+---------+-------+---------+---------+-------

Illustrated notes

Table legend:
 A = Kills in this place as a percentage of kills in entire the game.
 B = Kills by you in this place as a percentage of kills by you in the entire game.
 C = Kills by friends in this place as a percentage of kills by friends in the entire game.
 D = Other kills in this place as a percentage of other kills in the entire game.
 E = Experience gained in this place as a percentage of experience gained in the entire game.
 F = Experience gained in this place divided by the number of levels of this place that you have seen.
                   A       B       C       D       E      F
               +-------+-------+-------+-------+-------+----------------------
         Total | 100.0 | 100.0 |   N/A |   N/A | 100.0 |  19.0
       Dungeon | 100.0 | 100.0 |   N/A |   N/A | 100.0 |  38.0
               +-------+-------+-------+-------+-------+----------------------

Table legend: (Time is in decaauts)
 A = Elapsed time spent in this place.
 B = Non-inter-level travel time spent in this place.
 C = Inter-level travel time spent in this place.
 D = Time resting spent in this place.
 E = Time spent auto-exploring this place.
 F = Levels seen in this place.
 G = Mean time per level.
                   A        B        C        D        E       F      G
               +--------+--------+--------+--------+--------+-----+--------+
         Total |   1067 |   1067 |      0 |      6 |    847 |   2 |  533.5 |
       Dungeon |   1043 |   1043 |      0 |      6 |    832 |   1 | 1043.0 |
         Abyss |     24 |     24 |      0 |      0 |     15 |   1 |   24.0 |
               +--------+--------+--------+--------+--------+-----+--------+

Top non-repeatable levels by time:
     D:1: 1043 daAuts
 Abyss:1: 24 daAuts
